 Dungeon Crawl Stone Soup version 0.17-a0-1582-ge6b0260 (webtiles) character file.

14763 Sixotanaka the Unseen (level 12, -6/62 HPs)
             Began as a Kobold Assassin on July 12, 2015.
             Was a High Priest of Dithmenos.
             Mangled by a skeletal warrior
             ... wielding a +0 glaive
              (23 damage)
             ... on level 11 of the Dungeon on July 27, 2015.
             The game lasted 00:59:30 (18055 turns).

Sixotanaka the Unseen (Kobold Assassin)            Turns: 18055, Time: 00:59:31

Health: -6/62      AC:  8    Str: 11    XL:     12   Next: 49%
Magic:  16/16      EV: 13    Int:  9    God:    Dithmenos [*****.]
Gold:   566        SH:  0    Dex: 21    Spells: 2 memorised, 7 levels left

rFire  . . .     SeeInvis .     a - +6 quick blade
rCold  . . .     Clarity  +     q - +0 leather armour
rNeg   + . .     SustAt   .     (shield restricted)
rPois  .         Gourm    .     F - +0 helmet
rElec  .         Spirit   .     d - +0 cloak
rCorr  .         Warding  .     s - +0 pair of gloves
rMut   .         Stasis   .     h - +0 pair of boots
MR     .....                    L - amulet of clarity
Stlth  ++++++++++               (no ring)
                                n - ring of positive energy

@: wreathed by umbra, not resistant to hostile enchantments, uncannily stealthy
A: carnivore 3
a: Shadow Step, Shadow Form, Renounce Religion


You were on level 11 of the Dungeon.
You worshipped Dithmenos.
Dithmenos was extremely pleased with you.
You were very full.

You visited 2 branches of the dungeon, and saw 12 of its levels.
You also visited: Sewer.

You collected 618 gold pieces.
You spent 52 gold pieces at shops.


Innate Abilities, Weirdness & Mutations

You are small and have problems with some larger weapons.
You are carnivorous and can eat meat at any time.


   Skills:
 - Level 2.1 Fighting
 - Level 12.6 Short Blades
 - Level 2.6 Throwing
 - Level 5.3 Armour
 - Level 5.0 Dodging
 * Level 18.6 Stealth
 + Level 6.5 Evocations


You had 7 spell levels left.
You knew the following spells:

 Your Spells              Type           Power        Failure   Level  Hunger
g - Regeneration          Chrm/Necr      #.........   98%         3    ####...
y - Animate Skeleton      Necr           N/A          54%         1    ##.....


Dungeon Overview and Level Annotations

Branches:
Dungeon (11/15)            Temple (1/1) D:4            Lair (0/8) D:11
    Orc (0/4) D:9

Altars:
Ashenzari
Cheibriados
Dithmenos
Elyvilon
Fedhas
Gozag
Makhleb
Nemelex Xobeh
Qazlal
Sif Muna
Trog
Zin
The Shining One
Beogh

Shops:
D:5 *(:

Annotations:
D:2 Sigmund
D:4 2 exclusions, Menkaure
D:7 1 exclusion, Edmund
D:10 exclusion: 3 oklob plants
D:11 3 exclusions

Inventory:

Hand weapons
 a - a +6 quick blade (weapon)
 b - a +0 blowgun
 c - a +2 rapier of speed
   (You found it on level 6 of the Dungeon)
 l - a +2 dagger
Missiles
 e - 50 poisoned needles
 G - 249 stones (quivered)
 P - 2 throwing nets
Armour
 d - a +0 cloak (worn)
 h - a +0 pair of boots (worn)
 q - a +0 leather armour (worn)
 s - a +0 pair of gloves (worn)
 F - a +0 helmet (worn)
Jewellery
 n - a ring of positive energy (left hand)
 E - an uncursed ring of ice
 L - an amulet of clarity (around neck)
Magical devices
 D - a wand of frost (23)
 O - a wand of lightning (0)
 Q - a wand of flame (11)
Scrolls
 i - 3 scrolls of teleportation {@r4}
 m - a scroll of fear
 o - 2 scrolls of magic mapping
 p - 2 scrolls of immolation {!r}
 t - 5 scrolls of remove curse {@r2}
 x - 3 scrolls of recharging
 N - 3 scrolls of torment {!r}
Potions
 f - 3 potions of magic
 j - 4 potions of flight
 k - 4 potions of brilliance
 r - a potion of degeneration {!q}
 u - a potion of agility
 v - a potion of invisibility
 w - a potion of resistance {unknown}
 A - 2 potions of heal wounds {@q2}
 C - 2 potions of curing {@q1}
 K - a potion of berserk rage
 M - a potion of lignification {!q}
 R - a potion of mutation {unknown}
Books
 y - a book of Necromancy
 J - a book of Envenomations
Miscellaneous
 S - a plain deck of wonders
Comestibles
 g - 10 meat rations
 z - 2 royal jellies
 B - 4 slices of pizza
 H - 6 chunks of flesh
 I - 5 beef jerkies

#.#########
#######..........
#...........#####
#..............#
#...........##.##
#...........##...
#...........#####
##...........# #..
#@.z.........###.#
#)#######....[<#
#.# ######## #.#
#.# #.# #.# #%#
#.#


You could see a skeletal warrior.


Message History

You closely miss the yak.
Your shadow hits the yak but does no damage.
You puncture the yak! You barely miss the yak. The yak completely misses you.
You closely miss the yak.
Your shadow hits the yak but does no damage.
Your leather armour prevents you from hitting the yak.
You hit the yak. The yak closely misses you.
You hit the yak.
You kill the yak!
Dithmenos accepts your kill.
You see here a yak corpse.
You butcher the yak corpse.
H - 6 chunks of flesh
Found 13 gold pieces.
A centaur zombie comes into view.
You see here 13 gold pieces.
A centaur zombie is nearby!
You now have 566 gold pieces (gained 13).
The helpless centaur zombie fails to defend itself.
You skewer the centaur zombie like a kebab!!!!!
You destroy the centaur zombie!
Dithmenos accepts your kill.
You enter the shallow water.
Moving in this stuff is going to be slow.
Partly explored, can't reach some places.
You're in a travel-excluded area, stopping explore.
Stopped running for exclusion.
Stopped running for exclusion.
Stopped running for exclusion.
A jelly comes into view.
A jelly is nearby!
The jelly quivers.
The jelly closely misses you.
Found a stone staircase leading down.
You puncture the jelly!
Your hands burn!
You barely miss the jelly. You puncture the jelly!
You kill the jelly!
Dithmenos accepts your kill.
No target in view!
No target in view!
Partly explored, can't reach some places.
Partly explored, can't reach some places.
Really walk into a travel-excluded area?
Done exploring.
Really walk into a travel-excluded area?
Found a bread ration.
A skeletal warrior is nearby!
The skeletal warrior hits you from afar with a glaive!!
You emit a cloud of dark smoke.
The skeletal warrior hits you but does no damage.
Your leather armour prevents you from hitting the skeletal warrior.
You closely miss the skeletal warrior. You hit the skeletal warrior.
You hit the skeletal warrior but do no damage.
You hit the skeletal warrior.
The skeletal warrior hits you but does no damage.
You puncture the skeletal warrior!
Your shadow hits the skeletal warrior but does no damage.
You hit the skeletal warrior.
You hit the skeletal warrior but do no damage.
You hit the skeletal warrior but do no damage.
The skeletal warrior hits you with a glaive!!
Ouch! That really hurt!
* * * LOW HITPOINT WARNING * * *
You emit a cloud of dark smoke.
There is a stone staircase leading up here.
The skeletal warrior hits you from afar with a glaive!!
You die...

Action                   |  1- 3 |  4- 6 |  7- 9 | 10-12 || total
-------------------------+-------+-------+-------+-------++-------
Melee: Dagger            |    78 |   218 |       |       ||   296
       Rapier            |       |     7 |   251 |       ||   258
       Quick blade       |       |       |   114 |  1108 ||  1222
 Fire: Blowgun           |       |    20 |    29 |    32 ||    81
Throw: Stone             |       |       |     9 |     4 ||    13
Evoke: Wand              |       |       |       |     4 ||     4
  Use: Potion            |       |     5 |     1 |       ||     6
       Scroll            |       |     5 |     6 |    12 ||    23
 Stab: Sleeping          |     9 |    23 |    19 |    60 ||   111
       Distracted        |       |     1 |     2 |    11 ||    14
       Invisible         |       |       |     1 |       ||     1
  Eat: Chunk             |    10 |    10 |    14 |    28 ||    62

Vault maps used:
D:1:      eino_arrival_tree_alley
D:2:      uniq_sigmund
D:3:      gup_sewer_entry_pipe, uniq_terence
D:4:      minmay_temple_entry_statues, first_bread, okawaru_gym_becter,
          uniq_robin, uniq_menkaure
D:5:      serial_shops, shop, nicolae_shop_temple_entry_statues_fountains,
          shop_statue, uniq_prince_ribbit1
D:7:      erik_1
D:8:      slow_altar_1, the_bakery
D:9:      david_orc_5, spider_trap
D:10:     minivault_1, spider_trap, disabler_island
D:11:     erik_lair_dragon, lightli_fourway_metalbox
Temple:   grunt_circular_temple_18
Sewer:    sewer_fruit_machine

Notes
Turn   | Place    | Note
--------------------------------------------------------------
     0 | D:1      | Sixotanaka the Kobold Assassin began the quest for the Orb.
     0 | D:1      | Reached XP level 1. HP: 12/12 MP: 1/1
    28 | D:1      | Upgraded the game from 0.17-a0-1519-g2001520 to 0.17-a0-1572-g7a1422d
    63 | D:1      | Reached skill level 3 in Short Blades
   138 | D:1      | Reached XP level 2. HP: 17/17 MP: 2/2
   869 | D:2      | Reached skill level 4 in Short Blades
   869 | D:2      | Reached XP level 3. HP: 21/21 MP: 3/3
   895 | D:1      | HP: 5/21 [quokka (1)]
   905 | D:1      | HP: 4/21 [quokka (2)]
  1243 | D:2      | Noticed Sigmund
  1427 | D:2      | Reached XP level 4. HP: 19/26 MP: 4/4
  1557 | D:2      | Reached skill level 5 in Short Blades
  2185 | D:3      | Noticed Terence
  2316 | D:3      | Reached skill level 6 in Stealth
  2419 | D:3      | Found a glowing drain.
  2443 | D:3      | Reached XP level 5. HP: 30/30 MP: 5/5
  2496 | Sewer    | Entered a sewer
  2785 | Sewer    | Reached skill level 6 in Short Blades
  3771 | D:3      | HP: 4/30 [Terence/mace of venom (5)]
  3772 | D:3      | HP: 1/30 [poisoned by Terence]
  3775 | D:3      | Killed Terence
  4066 | D:3      | Reached XP level 6. HP: 35/35 MP: 6/6
  4549 | D:4      | Learned a level 3 spell: Regeneration
  4551 | D:4      | Learned a level 1 spell: Animate Skeleton
  4706 | D:4      | Reached skill level 7 in Short Blades
  4977 | D:4      | Noticed Menkaure
  4999 | D:4      | Found a staircase to the Ecumenical Temple.
  5007 | Temple   | Entered the Ecumenical Temple
  5017 | Temple   | Became a worshipper of Dithmenos the Shadowed
  5139 | D:5      | Entered Level 5 of the Dungeon
  5154 | D:6      | Noticed a wraith
  5190 | D:5      | Noticed an ice beast
  5209 | D:5      | Found Soej's Assorted Antiques.
  5211 | D:5      | Found Nitoq's Weapon Shop.
  5211 | D:5      | Noticed Prince Ribbit
  5241 | D:5      | Killed Prince Ribbit
  5241 | D:5      | Reached skill level 8 in Short Blades
  5241 | D:5      | Reached skill level 7 in Stealth
  5241 | D:5      | Reached XP level 7. HP: 29/40 MP: 7/7
  5245 | D:5      | Bought a scroll of identify for 52 gold pieces
  5303 | D:5      | Found Balul's Book Shop.
  5486 | D:5      | HP: 9/40 [ice beast (14)]
  5487 | D:5      | Killed an ice beast
  5779 | D:5      | Reached skill level 9 in Short Blades
  5779 | D:5      | Reached skill level 8 in Stealth
  6063 | D:5      | Noticed a sky beast
  6099 | D:5      | Killed a sky beast
  6099 | D:5      | Reached XP level 8. HP: 44/44 MP: 8/8
  6671 | D:6      | Reached skill level 10 in Short Blades
  6725 | D:6      | Noticed a hippogriff
  6756 | D:6      | Killed a hippogriff
  6777 | D:6      | Killed a wraith
  6777 | D:6      | Reached skill level 9 in Stealth
  7041 | D:6      | Reached skill level 11 in Short Blades
  7272 | D:6      | Noticed an orc warrior
  7480 | D:6      | Killed an orc warrior
  7480 | D:6      | Reached XP level 9. HP: 33/48 MP: 9/9
  7742 | D:6      | Noticed an orc warrior
  7788 | D:6      | Killed an orc warrior
  7788 | D:6      | Reached skill level 10 in Stealth
  7922 | D:6      | Reached skill level 12 in Short Blades
  8189 | D:7      | Acquired Dithmenos's first power
  8283 | D:7      | Identified a scroll of acquirement
  8384 | D:7      | Reached skill level 11 in Stealth
  8577 | D:7      | Reached skill level 12 in Stealth
  8785 | D:7      | Noticed Edmund
  8848 | D:7      | Reached XP level 10. HP: 53/53 MP: 10/10
  9044 | D:7      | Reached skill level 13 in Stealth
  9576 | D:8      | Acquired Dithmenos's second power
  9614 | D:8      | Reached skill level 14 in Stealth
 10197 | D:8      | Found a snail-covered altar of Cheibriados.
 10222 | D:8      | Reached skill level 15 in Stealth
 11418 | D:8      | Reached skill level 16 in Stealth
 11436 | D:8      | HP: 13/53 [poisoned by a killer bee]
 11442 | D:8      | HP: 11/53 [poisoned by a killer bee]
 11450 | D:8      | HP: 10/53 [poisoned by a killer bee]
 11458 | D:8      | HP: 9/53 [poisoned by a killer bee]
 12058 | D:9      | Reached skill level 2 in Dodging
 12104 | D:9      | Found a roughly hewn altar of Beogh.
 12104 | D:9      | Found a staircase to the Orcish Mines.
 12145 | D:9      | HP: 4/53 [orc warrior/scimitar (20)]
 12462 | D:9      | Reached skill level 3 in Dodging
 12466 | D:9      | Acquired Dithmenos's third power
 12576 | D:9      | Reached skill level 4 in Dodging
 12576 | D:9      | Reached XP level 11. HP: 57/57 MP: 11/11
 12995 | D:9      | Upgraded the game from 0.17-a0-1572-g7a1422d to 0.17-a0-1582-ge6b0260
 13047 | D:9      | Reached skill level 5 in Dodging
 13193 | D:9      | Reached skill level 1 in Armour
 13240 | D:9      | Reached skill level 2 in Armour
 13268 | D:9      | Reached skill level 3 in Armour
 13848 | D:9      | Reached skill level 4 in Armour
 14455 | D:10     | Entered Level 10 of the Dungeon
 14772 | D:10     | Noticed an oklob plant
 14772 | D:10     | Noticed an oklob plant
 14801 | D:10     | Reached skill level 5 in Armour
 14831 | D:10     | Acquired Dithmenos's fourth power
 15039 | D:10     | Reached skill level 1 in Evocations
 15205 | D:10     | Noticed an oklob plant
 15406 | D:10     | Reached skill level 2 in Evocations
 15709 | D:11     | Reached skill level 3 in Evocations
 15868 | D:11     | Noticed a skeletal warrior
 15870 | D:11     | Noticed a skeletal warrior
 15872 | D:11     | Noticed a skeletal warrior
 15876 | D:11     | Noticed a skeletal warrior
 15880 | D:11     | Noticed a skeletal warrior
 16173 | D:11     | Reached skill level 17 in Stealth
 16379 | D:11     | Killed a skeletal warrior
 16463 | D:11     | Killed a skeletal warrior
 16463 | D:11     | Reached skill level 4 in Evocations
 16463 | D:11     | Reached XP level 12. HP: 45/62 MP: 13/15
 16904 | D:11     | Reached skill level 5 in Evocations
 17224 | D:11     | Reached skill level 18 in Stealth
 17468 | D:11     | Killed an unseen horror
 17468 | D:11     | Reached skill level 6 in Evocations
 17696 | D:11     | Found a staircase to the Lair.
 18008 | D:11     | HP: 7/62 [skeletal warrior/glaive (31)]
 18055 | D:11     | Mangled by a skeletal warrior

Vanquished Creatures
  An unseen horror (D:11)
  2 skeletal warriors (D:11)
  3 komodo dragons (D:11)
  A gargoyle (D:11)
  2 trolls
  A two-headed ogre (D:11)
  Prince Ribbit (D:5)
  A trapdoor spider zombie (D:9)
  A deep elf mage (D:11)
  A spriggan (D:8)
  A water elemental (D:10)
  2 wraiths
  10 yaks
  4 hippogriffs
  A steam dragon (D:11)
  4 black bears
  8 spiders (D:9)
  8 orc warriors
  11 ogres
  A necrophage (D:11)
  3 ice beasts
  2 sky beasts
  An eye of draining (D:10)
  A phantom (D:8)
  10 centaurs
  4 crocodiles
  A big kobold (D:7)
  6 giant frogs
  7 scorpions
  18 killer bees
  3 wights (D:5)
  5 crimson imps
  8 orc priests
  2 centaur zombies (D:11)
  10 iguanas
  5 orc wizards
  A giant frog skeleton (D:6)
  3 jellies
  2 giant frog zombies
  5 hounds
  A quasit (D:9)
  Terence (D:3)
  A gnoll shaman (D:10)
  A killer bee zombie (D:8)
  11 worker ants
  A hound skeleton (D:9)
  A mummy (D:8)
  17 adders
  6 gnolls (D:10)
  2 shadow imps
  6 oozes (Sewer)
  An adder skeleton (D:8)
  4 worms
  10 giant geckos
  51 orcs
  5 ball pythons
  18 bats
  2 bat skeletons
  A bat zombie (D:5)
  11 giant cockroaches
  12 goblins
  19 hobgoblins
  10 jackals
  18 kobolds
  7 quokkas
  2 giant gecko skeletons
  7 giant newts
  16 rats
403 creatures vanquished.
